 Dungeon Crawl Stone Soup version 0.29.1-13-g9f3cf754e1 (webtiles) character file.

Game seed: 7055757500999939067

70 KittyFluff the Trooper (level 4, -3/29 HPs)
             Began as a Gargoyle Berserker on Jan 28, 2023.
             Was a Believer of Trog.
             Slain by an iguana (4 damage)
             ... on level 3 of the Dungeon.
             The game lasted 00:06:57 (2381 turns).

KittyFluff the Trooper (Gargoyle Berserker)         Turns: 2381, Time: 00:06:58

Health: -3/29      AC:  8    Str: 21    XL:     4   Next: 21%
Magic:  4/4        EV: 11    Int:  7    God:    Trog [**....]
Gold:   175        SH:  0    Dex: 11    Spells: 3/3 levels left

rFire   . . .      SeeInvis .   a - +0 mace
rCold   . . .      Faith    .   (no shield)
rNeg    + . .      Spirit   .   l - +0 leather armour
rPois   ∞          Reflect  .   (no helmet)
rElec   +          Harm     .   (no cloak)
rCorr   .          Rampage  .   (no gloves)
Will    .....                   h - +0 pair of boots
Stlth   +.........              (no amulet)
HPRegen 0.09/turn               (no ring)
MPRegen 0.09/turn               (no ring)

@: no status effects
A: sickness immunity, AC +3, negative energy resistance 1, electricity
resistance, torment resistance 1, petrification resistance
a: Renounce Religion, Berserk, Trog's Hand


You were on level 3 of the Dungeon.
You worshipped Trog.
Trog was pleased with you.
You visited 1 branch of the dungeon, and saw 3 of its levels.

You collected 175 gold pieces.

Inventory:

Hand Weapons
 a - a +0 mace (weapon)
 b - a +0 flail
 p - the +6 spear of Muviynem {drain, Int+5}
   (You found it on level 2 of the Dungeon)

   A truly terrible weapon, it drains the life of any living foe it strikes.
   Int:       It affects your intelligence (+5).
Missiles
 o - 9 stones (quivered)
Armour
 h - a +0 pair of boots (worn)
 l - a +0 leather armour (worn)
 q - a +0 ring mail
Jewellery
 t - an amulet of magic regeneration
Wands
 n - a wand of mindburst (13)
Scrolls
 c - 2 scrolls of amnesia {unknown}
 e - a scroll of magic mapping {unknown}
 f - 2 scrolls of enchant armour {unknown}
 j - 3 scrolls of identify {unknown}
 k - a scroll of immolation {unknown}
 s - 2 scrolls of vulnerability {unknown}
Potions
 d - 2 potions of attraction {unknown}
 g - 2 potions of curing {unknown}
 i - a potion of might {unknown}
 m - a potion of flight {unknown}
 r - a potion of mutation {unknown}


   Skills:
 + Level 3.8 Fighting
 + Level 3.8 Maces & Flails
 * Level 3.0 Armour
 + Level 1.9 Dodging
 + Level 0.7 Stealth


You had 3 spell levels left.
You didn't know any spells.
Your spell library was empty.

Dungeon Overview and Level Annotations

Branches:
Dungeon (3/15)

Altars:


Innate Abilities, Weirdness & Mutations

You are immune to sickness and miasma.
Your stone body is resilient. (AC +3)
You are immune to poison.
You resist negative energy. (rN+)
You are resistant to electric shocks. (rElec)
You are resistant to unholy torment.
You are immune to petrification.


Message History

You kill the hobgoblin!
Trog accepts your kill.
You see here a hobgoblin corpse.
You open the door.
There is an open door here.
You open the door.
There is an open door here.
You open the door.
There is an open door here.
There is a stone staircase leading down here.
You climb downwards.
There is a stone staircase leading up here.
You climb upwards.
There is a stone staircase leading down here.
There is an escape hatch in the ceiling here.
There is a stone staircase leading down here.
You climb downwards.
Found 9 gold pieces and 5 stones.
Found a stone staircase leading down.
There is a stone staircase leading up here.
Found 15 gold pieces.
o - 9 stones (gained 5)
You now have 160 gold pieces (gained 9).
Found 9 gold pieces.
An iguana comes into view.
The iguana hisses angrily.
You see here 15 gold pieces.
You now have 175 gold pieces (gained 15).
The iguana bites you but does no damage.
You hit the iguana.
The iguana is lightly wounded.
The iguana bites you! x2
* * * LOW HITPOINT WARNING * * *
You barely miss the iguana.
The iguana is lightly wounded.
The iguana bites you!
* * * LOW HITPOINT WARNING * * *
You hit the iguana but do no damage.
The iguana is lightly wounded.
The iguana bites you.
You die...

...#....
##..#...#
........#.#
#.....$...
......#.#
#.....#.# #
#..#.l#.##
#.##..#.@...# #
............#.#
............#.#
#.###......>.....
#.##..........###
#........#.##.#
#.............#
#.............#
#######..#.##.#


You could see an iguana.

Vanquished Creatures
  2 adders (D:2)
  5 worms (D:2)
  2 dart slugs (D:2)
  2 endoplasms
  3 giant cockroaches
  2 goblins
  4 hobgoblins (D:2)
  A quokka (D:2)
  6 ball pythons
  3 frilled lizards
  2 kobolds (D:2)
  A rat (D:2)
33 creatures vanquished.

Vanquished Creatures (others)
  A fungus (D:1)
  4 toadstools (D:1)
5 creatures vanquished.

Grand Total: 38 creatures vanquished

Notes
Turn   | Place    | Note
-------+----------+-------------------------------------------
     0 | D:1      | KittyFluff the Gargoyle Berserker began the quest for the
                  | Orb.
     0 | D:1      | Reached XP level 1. HP: 14/14 MP: 1/1
   641 | D:1      | Reached XP level 2. HP: 11/19 MP: 2/2
  1147 | D:2      | Reached XP level 3. HP: 3/23 MP: 3/3
  1780 | D:2      | Identified the +6 spear of Muviynem {drain, Int+5}
  1901 | D:2      | Reached XP level 4. HP: 28/29 MP: 4/4
  2214 | D:2      | Reached ** piety under Trog
  2380 | D:3      | HP: 1/29 [iguana (7)]
  2381 | D:3      | Slain by an iguana

Illustrated notes

Levels and vault maps discovered:
D:1:      psy_arrival_heroes, layout_basic, minmay_gold_behind_fungi
D:2:      layout_loops_corners, minmay_three_crescents
D:3:      layout_basic, minmay_overflow_temple_star_quad,
          shapermc_ecumenical_altar_mp_highgroup, uniq_terence,
          uniq_crazy_yiuf_cottage, uniq_jessica

Skill      XL: |  1  2  3 |
---------------+----------+-----
Armour         | 3 |  3.0
Fighting       | |  3.8
Maces & Flails | |  3.8
Dodging        | |  1.9
Stealth        | |  0.7

Action                   |  1- 3 |  4- 6 || total
-------------------------+-------+-------++-------
Melee: Mace              |    91 |    25 ||   116
       Punch             |     2 |       ||     2
Armor: Animal skin       |     1 |       ||     1
       Leather armour    |    26 |    10 ||    36
Dodge: Dodged            |    55 |    17 ||    72
